[Event "ICCopen2017"]
[Site "Internet Chess Club"]
[Date "2017.03.25"]
[Round "6"]
[White "PerlHackr"]
[Black "CapitanCentella"]
[Result "0-1"]
[ICCResult "White resigns"]
[WhiteElo "1454"]
[BlackElo "1809"]
[Opening "English: symmetrical variation"]
[ECO "A35"]
[NIC "EO.64"]
[Time "15:06:29"]
[TimeControl "180+0"]

1. c4 c5 2. Nc3 Nc6 3. a3 d6 4. Rb1 e5 5. b4 f5 6. b5 Nd4 7. e3 Ne6 8. d3
Nf6 9. Nf3 g6 10. d4 cxd4 11. exd4 e4 12. d5 Nc5 13. Nd4 Bg7 14. Bg5 O-O 15.
Be2 Qa5 16. Qd2 Qc7 17. O-O Bd7 18. f3 Rae8 19. fxe4 Ncxe4 20. Nxe4 Nxe4 21.
Qc1 Bxd4+ 22. Kh1 Nxg5 23. Qxg5 Rxe2 {White resigns} 0-1

[Event "ICCopen2017"]
[Site "Internet Chess Club"]
[Date "2017.03.25"]
[Round "6"]
[White "eltigrecu"]
[Black "Massada"]
[Result "1-0"]
[ICCResult "Black resigns"]
[WhiteElo "1900"]
[BlackElo "1487"]
[Opening "Levitsky attack (Queen's bishop attack)"]
[ECO "D00"]
[NIC "QP.08"]
[Time "15:05:15"]
[TimeControl "180+0"]

1. d4 d5 2. Bg5 Qd6 3. c3 Nf6 4. Nf3 Bf5 5. e3 h6 6. Bf4 Qb6 7. Qb3 e6 8.
Qxb6 axb6 9. Bxc7 Nbd7 10. Ne5 Nxe5 11. Bxe5 Nd7 12. Bg3 b5 13. a3 b4 14.
cxb4 Bxb4+ 15. Nd2 O-O 16. Rc1 Ba5 17. Bb5 Nf6 18. Ke2 Rfc8 19. Nb3 Bb6 20.
Nc5 Ra5 21. a4 Bxc5 22. dxc5 Raa8 23. b4 Ne4 24. f3 Nxg3+ 25. hxg3 f6 26. g4
Bg6 27. Rhd1 Be8 28. Bxe8 Rxe8 29. a5 Rec8 30. Rc2 Kf8 31. Rdc1 Rc7 32. c6
bxc6 33. Rxc6 Rb7 34. Rc8+ Rxc8 35. Rxc8+ Kf7 36. a6 Rxb4 37. a7 Rb2+ 38.
Kf1 Rb1+ 39. Kf2 Ra1 40. a8=Q {Black resigns} 1-0

[Event "ICCopen2017"]
[Site "Internet Chess Club"]
[Date "2017.03.25"]
[Round "6"]
[White "Hashimof"]
[Black "JESSEJOSE"]
[Result "1-0"]
[ICCResult "Black checkmated"]
[WhiteElo "1944"]
[BlackElo "1600"]
[Opening "Scandinavian (center counter) defense"]
[ECO "B01"]
[NIC "SD.01"]
[Time "15:06:53"]
[TimeControl "180+0"]

1. e4 d5 2. exd5 Qxd5 3. Nc3 Qa5 4. Bc4 Nf6 5. d3 c5 6. Bd2 Qd8 7. Nge2 Nc6
8. Ng3 e6 9. Nge4 Be7 10. Bb5 Bd7 11. O-O Nd4 12. Bxd7+ Qxd7 13. Be3 O-O 14.
Nxf6+ Bxf6 15. Ne4 Be7 16. c3 Nf5 17. Bxc5 Bxc5 18. Nxc5 Qc6 19. d4 Rfd8 20.
Qg4 b6 21. Ne4 Kh8 22. Rfe1 Ne7 23. Ng5 Rf8 24. Qh5 g6 25. Qxh7#
{Black checkmated}
1-0

[Event "ICCopen2017"]
[Site "Internet Chess Club"]
[Date "2017.03.25"]
[Round "6"]
[White "ArchieGoodwin"]
[Black "Nos"]
[Result "1-0"]
[ICCResult "Black resigns"]
[WhiteElo "2589"]
[BlackElo "2155"]
[Opening "French: Winawer, advance, poisoned pawn variation"]
[ECO "C18"]
[NIC "FR.11"]
[Time "15:06:13"]
[TimeControl "180+0"]

1. e4 e6 2. d4 d5 3. Nc3 Bb4 4. e5 c5 5. a3 Bxc3+ 6. bxc3 Ne7 7. Qg4 O-O 8.
Bd3 f5 9. exf6 Rxf6 10. Bg5 Nd7 11. Bxf6 Nxf6 12. Qd1 c4 13. Bf1 Qa5 14. Ne2
Ne4 15. f3 Nd6 16. g3 Nef5 17. Qd2 Bd7 18. Bh3 Be8 19. O-O Bg6 20. Nf4 Bf7
21. Bxf5 Nxf5 22. Rfe1 Re8 23. Re5 Qb6 24. Rae1 Kf8 25. g4 Nh4 26. Kf2 h6
27. Kg3 g5 28. Ng2 Ng6 29. h4 Nxe5 30. Rxe5 Qd6 31. hxg5 hxg5 32. Qxg5 Qxa3
33. Nf4 Qxc3 34. Qh6+ {Black resigns} 1-0

[Event "ICCopen2017"]
[Site "Internet Chess Club"]
[Date "2017.03.25"]
[Round "6"]
[White "mongmong"]
[Black "Kandor"]
[Result "1-0"]
[ICCResult "Black checkmated"]
[WhiteElo "1374"]
[BlackElo "1124"]
[Opening "Colle system"]
[ECO "A40"]
[NIC "QO.17"]
[Time "15:06:56"]
[TimeControl "180+0"]

1. d4 e6 2. Nf3 d5 3. e3 c5 4. c3 Nf6 5. Bd3 Be7 6. Nbd2 O-O 7. O-O Nc6 8.
Qe2 Qc7 9. dxc5 Bxc5 10. e4 a6 11. e5 Ne8 12. Re1 f5 13. exf6 Nxf6 14. Nf1
Qe7 15. Bg5 Nd8 16. Ne5 Nf7 17. Nxf7 Rxf7 18. Ne3 h6 19. Bh4 Bxe3 20. Qxe3
Qd6 21. Bg3 Qc6 22. f3 Nh5 23. Bf2 Bd7 24. Qc5 Qa4 25. b3 Qf4 26. Qe3 Qf6
27. Qd4 Qe7 28. Qe5 Nf6 29. Bh4 Kf8 30. Bxf6 gxf6 31. Qh5 Rh7 32. Bxh7 Kg7
33. Bd3 f5 34. g4 Rh8 35. gxf5 Kf6 36. Qg6# {Black checkmated} 1-0

[Event "ICCopen2017"]
[Site "Internet Chess Club"]
[Date "2017.03.25"]
[Round "6"]
[White "habishek"]
[Black "rugsy"]
[Result "0-1"]
[ICCResult "White forfeits on time"]
[WhiteElo "1045"]
[BlackElo "1374"]
[Opening "Sicilian defense"]
[ECO "B20"]
[NIC "SI.48"]
[Time "15:05:15"]
[TimeControl "180+0"]

1. e4 c5 2. Be2 Nf6 3. d3 e6 4. Nf3 d5 5. O-O dxe4 6. dxe4 Qxd1 7. Rxd1 Nxe4
8. Ng5 Nxg5 9. Bxg5 f6 10. Bf4 e5 11. Be3 Be6 12. Nc3 a6 13. Bf3 Nc6 14. Bd5
Kf7 15. Bxe6+ Kxe6 16. Rd5 Nd4 17. Bxd4 cxd4 18. Ra5 dxc3 19. bxc3 Be7 20.
Rb1 b5 21. h3 Rhc8 22. c4 Rxc4 23. Rc1 Bb4 24. Rxb5 axb5 25. c3 Bxc3 26. Kf1
Rxa2 27. Kg1 Bd4 28. Kh2 Rxc1 29. Kg3 Rcc2 30. Kg4 Rxf2 31. Kh4 Rxg2
{White forfeits on time}
0-1

[Event "ICCopen2017"]
[Site "Internet Chess Club"]
[Date "2017.03.25"]
[Round "6"]
[White "MysteryRook"]
[Black "Vertdeces"]
[Result "0-1"]
[ICCResult "White resigns"]
[WhiteElo "1771"]
[BlackElo "1751"]
[Opening "St. George (Baker) defense"]
[ECO "B00"]
[NIC "VO.17"]
[Time "15:05:53"]
[TimeControl "180+0"]

1. e4 a6 2. Nc3 h6 3. g3 e6 4. Bg2 c5 5. d3 Nc6 6. Nh3 b5 7. O-O Bb7 8. f4
d6 9. f5 exf5 10. Rxf5 Nf6 11. Rf1 Nd4 12. Ne2 Ne6 13. Nhf4 Nxf4 14. Nxf4
Be7 15. Nh5 Qb6 16. Nxg7+ Kf8 17. Nf5 c4+ 18. Be3 Qc7 19. Qf3 cxd3 20. Nxe7
Qxe7 21. Qxf6 Qxf6 22. Rxf6 dxc2 23. Raf1 Rh7 24. Bxh6+ Ke7 25. Bg5 Ke8 26.
R6f2 Rc8 27. Rc1 Rh5 28. Bf6 Rhc5 29. a3 a5 30. Bd4 Rc4 31. Bc3 b4 32. axb4
axb4 33. Bf6 b3 34. Rf5 Kd7 35. Bf3 Bxe4 36. Bxe4 Rxe4 37. Bc3 Ke6 38. Rff1
d5 39. Kf2 d4 40. Bd2 d3 41. Rfe1 f5 42. Rxe4+ fxe4 43. Ke3 Kd5 44. Bc3 Rxc3
45. bxc3 b2 {White resigns} 0-1

[Event "ICCopen2017"]
[Site "Internet Chess Club"]
[Date "2017.03.25"]
[Round "6"]
[White "xvs"]
[Black "bspurt"]
[Result "0-1"]
[ICCResult "White resigns"]
[WhiteElo "1596"]
[BlackElo "2084"]
[Opening "Sicilian"]
[ECO "B50"]
[NIC "SI.01"]
[Time "15:06:45"]
[TimeControl "180+0"]

1. e4 c5 2. Nf3 d6 3. Bc4 e6 4. d3 Nf6 5. a4 Be7 6. a5 O-O 7. O-O d5 8. exd5
exd5 9. Bb3 Nc6 10. Bd2 Bg4 11. h3 Bh5 12. c3 Nxa5 13. Bc2 Nc6 14. Bf4 Re8
15. Nbd2 h6 16. Re1 Bd6 17. Be3 Rc8 18. Ra4 Bb8 19. Bxc5 Ne5 20. Bd4 Nxf3+
21. Nxf3 Rxe1+ 22. Qxe1 Bxf3 23. gxf3 Qc7 24. Bxf6 Qh2+ 25. Kf1 Qh1+ 26. Ke2
Re8+ 27. Re4 Qxe1+ 28. Kxe1 dxe4 29. dxe4 gxf6 30. Kd2 Bf4+ 31. Ke2 Rd8 32.
Bd3 a6 33. b4 b5 34. c4 bxc4 35. Bxc4 Rd2+ 36. Kf1 Rb2 37. Bxa6 Rxb4 38. Kg2
Rb2 39. Bb7 h5 40. Kf1 h4 41. Kg2 Be3 42. Kf1 Rxf2+ 43. Ke1 Rb2 44. Bd5 Kf8
45. Kd1 Rd2+ 46. Ke1 Rh2 {White resigns} 0-1

[Event "ICCopen2017"]
[Site "Internet Chess Club"]
[Date "2017.03.25"]
[Round "6"]
[White "cool64chess"]
[Black "Lightlike"]
[Result "1-0"]
[ICCResult "Black resigns"]
[WhiteElo "2185"]
[BlackElo "2582"]
[Opening "QGD Slav: 4.Nc3"]
[ECO "D15"]
[NIC "SL.03"]
[Time "15:05:56"]
[TimeControl "180+0"]

1. d4 d5 2. c4 c6 3. Nc3 Nf6 4. Nf3 a6 5. Bg5 Ne4 6. Bh4 Nxc3 7. bxc3 Qa5 8.
Qc2 dxc4 9. e4 Be6 10. Be2 g6 11. O-O Bg7 12. a4 f6 13. Nd2 O-O 14. Rfb1 Qc7
15. Bg3 Qc8 16. Bxc4 Bxc4 17. Nxc4 Nd7 18. Qb3 Kh8 19. Qxb7 Qe8 20. Qxc6 Rc8
21. Qxa6 Qf7 22. Nb6 Nxb6 23. Qxb6 Rxc3 24. a5 e5 25. a6 Rcc8 26. a7 Ra8 27.
d5 h5 28. f3 Rfc8 29. Bf2 Bf8 30. Qb7 Qe8 31. h3 Bd6 32. Ra6 Be7 33. d6 Bxd6
34. Rxd6 Qa4 35. Rd7 {Black resigns} 1-0

[Event "ICCopen2017"]
[Site "Internet Chess Club"]
[Date "2017.03.25"]
[Round "6"]
[White "Soulbrother"]
[Black "Ticktockman"]
[Result "1-0"]
[ICCResult "Black resigns"]
[WhiteElo "1416"]
[BlackElo "1099"]
[Opening "Scandinavian (center counter) defense"]
[ECO "B01"]
[NIC "VO.17"]
[Time "15:06:11"]
[TimeControl "180+0"]

1. e4 d5 2. e5 f6 3. d4 fxe5 4. dxe5 e6 5. Be2 Nc6 6. Nf3 Bc5 7. Bg5 Nge7 8.
Nh4 h6 9. Bh5+ Kd7 10. Bxe7 Bxe7 11. Ng6 Rg8 12. Nxe7 Qxe7 13. O-O Nxe5 14.
Be2 Nc6 15. Nc3 Qg5 16. Ne4 Qe5 17. Nc5+ Kd6 18. b4 b6 19. Nd3 Qg5 20. Re1
Rf8 21. Bf3 g6 22. c4 Re8 23. c5+ bxc5 24. Nxc5 Bd7 25. Ne4+ {Black resigns}
1-0

[Event "ICCopen2017"]
[Site "Internet Chess Club"]
[Date "2017.03.25"]
[Round "6"]
[White "StaggerLee"]
[Black "marcos610"]
[Result "1-0"]
[ICCResult "Black resigns"]
[WhiteElo "1362"]
[BlackElo "1162"]
[Opening "Robatsch defense"]
[ECO "B06"]
[NIC "KF.05"]
[Time "15:06:53"]
[TimeControl "180+0"]

1. e4 g6 2. d4 Bg7 3. Nc3 b6 4. Bc4 Bb7 5. Qe2 d6 6. Nf3 e6 7. O-O Ne7 8.
Bg5 Nd7 9. Rad1 h6 10. Bh4 g5 11. Bg3 Ng6 12. e5 Qe7 13. exd6 cxd6 14. Nb5
Nf4 15. Bxf4 gxf4 16. Nc7+ Kd8 17. Nxa8 Bxa8 18. c3 Nf6 19. Qd2 d5 20. Be2
Ne4 21. Qc2 Qf6 22. Ne5 Qg5 23. Nxf7+ {Black resigns} 1-0

[Event "ICCopen2017"]
[Site "Internet Chess Club"]
[Date "2017.03.25"]
[Round "6"]
[White "MasterMind"]
[Black "Khanzer17"]
[Result "0-1"]
[ICCResult "White resigns"]
[WhiteElo "1753"]
[BlackElo "1906"]
[Opening "King's Indian: Petrosian system, Stein variation"]
[ECO "E92"]
[NIC "KI.17"]
[Time "15:05:53"]
[TimeControl "180+0"]

1. Nf3 Nf6 2. c4 g6 3. Nc3 Bg7 4. e4 d6 5. d4 O-O 6. Be2 e5 7. d5 a5 8. Bg5
Na6 9. Nd2 h6 10. Be3 Qe8 11. Rb1 Nh7 12. g4 f5 13. gxf5 gxf5 14. exf5 Bxf5
15. Nde4 Nf6 16. f3 Nxe4 17. fxe4 Bd7 18. Bh5 Qe7 19. Kd2 Nc5 20. Rg1 Kh8
21. Qc2 Rf4 22. Rbf1 Raf8 23. Bxf4 exf4 24. Re1 Qe5 25. Bf3 Qd4+ 26. Kc1
Nd3+ 27. Kb1 Nxe1 28. Rxe1 Qxc4 29. Qb3 Qxb3 30. axb3 Be5 31. Rc1 Rg8 32.
Na4 Bb5 33. Rxc7 Rg1+ 34. Ka2 Rf1 35. Bg4 f3 36. Rxb7 f2 37. Bh3 Rh1 38.
Rxb5 Rxh2 39. Bf1 Rh1 40. Rb8+ Kg7 41. Ba6 h5 42. b4 axb4 43. Rxb4 h4 44.
Rb3 f1=Q 45. Bxf1 Rxf1 46. Nc3 h3 47. Nb5 h2 {White resigns} 0-1

[Event "ICCopen2017"]
[Site "Internet Chess Club"]
[Date "2017.03.25"]
[Round "6"]
[White "ErnestoRondon"]
[Black "GYMEJR"]
[Result "1-0"]
[ICCResult "Black forfeits on time"]
[WhiteElo "1845"]
[BlackElo "1574"]
[Opening "Sicilian: Alapin's variation (2.c3)"]
[ECO "B22"]
[NIC "SI.46"]
[Time "15:05:15"]
[TimeControl "180+0"]

1. e4 c5 2. c3 d5 3. exd5 Qxd5 4. d4 cxd4 5. cxd4 e6 6. Nf3 Qd8 7. Nc3 a6 8.
Bd3 Nf6 9. O-O Be7 10. Bg5 Nc6 11. a3 h6 12. Bh4 Nd5 13. Bxe7 Ncxe7 14. Rc1
Bd7 15. Bb1 O-O 16. Ne5 g6 17. Qd2 Kg7 18. Ng4 Ng8 19. f4 Rc8 20. Ne5 Bc6
21. Ne4 Ndf6 22. Ng3 Bd5 23. Qd3 Ne7 24. Rce1 Qd6 25. h4 h5 26. Qe3 Nf5 27.
Nxf5+ exf5 28. Qg3 Ng4 29. Nxg4 hxg4 30. Qe3 f6 31. Qe7+ Qxe7 32. Rxe7+ Rf7
33. Rfe1 Rc7 34. Rxf7+ Rxf7 35. g3 Rc7 36. Kf2 Kf7 37. Re2 Re7 38. Rxe7+
Kxe7 39. Ke3 Kd6 40. Bd3 b5 41. h5 gxh5 42. Bxf5 Be6 43. Bg6 h4 44. gxh4 g3
45. Kf3 {Black forfeits on time} 1-0

[Event "ICCopen2017"]
[Site "Internet Chess Club"]
[Date "2017.03.25"]
[Round "6"]
[White "uncledougie"]
[Black "Osinger"]
[Result "0-1"]
[ICCResult "White forfeits on time"]
[WhiteElo "1911"]
[BlackElo "1661"]
[Opening "Old Benoni defense"]
[ECO "A44"]
[NIC "OI.09"]
[Time "15:06:02"]
[TimeControl "180+0"]

1. d4 c5 2. d5 e5 3. Nc3 d6 4. e4 Be7 5. Nf3 Nf6 6. Bb5+ Nbd7 7. a4 O-O 8.
O-O Ne8 9. Nd2 g6 10. Bd3 Ng7 11. Nc4 f6 12. f4 exf4 13. Bxf4 Ne5 14. Qd2
Rf7 15. Nxe5 fxe5 16. Bh6 Bg4 17. Rxf7 Kxf7 18. Rf1+ Kg8 19. Qf2 Qe8 20. Qg3
Bd7 21. Bb5 Nh5 22. Qe3 a6 23. Bxd7 Qxd7 24. h3 Bf8 25. Bg5 Bg7 26. b3 b5
27. axb5 axb5 28. Ne2 Rf8 29. Rxf8+ Kxf8 30. g4 Nf6 31. Qf2 Qf7 32. Nc3 h6
33. Bxf6 Bxf6 34. Nxb5 Ke7 35. Nc7 h5 36. Ne6 hxg4 37. hxg4 Qh7 38. g5 Bh8
39. Qh2 Qxh2+ 40. Kxh2 Kf7 41. Kg3 Bg7 42. Nxg7 Kxg7 43. c3 Kf7 44. Kf3 Ke7
45. Ke3 Kd7 46. Kd3 Kc7 47. Kc4 Kb6 48. b4 cxb4 49. cxb4 Ka6 50. b5+ Ka5 51.
b6 Kxb6 52. Kb4 Ka6 53. Ka4 Kb6 54. Kb4 Ka6 55. Kc4 Ka5 56. Kb3 Kb5 57. Kc3
Kc5 58. Kd3 Kb4 59. Ke2 Kc4 60. Ke3 Kc3 61. Ke2 Kd4 62. Kf3 Kd3 63. Kg4 Kxe4
64. Kh4 Kxd5 {White forfeits on time} 0-1

[Event "ICCopen2017"]
[Site "Internet Chess Club"]
[Date "2017.03.25"]
[Round "6"]
[White "Magagna"]
[Black "JanTheMan"]
[Result "0-1"]
[ICCResult "White resigns"]
[WhiteElo "1604"]
[BlackElo "2361"]
[Opening "Queen's pawn: Yusupov-Rubinstein system"]
[ECO "A46"]
[NIC "QP.06"]
[Time "15:05:54"]
[TimeControl "180+0"]

1. d4 Nf6 2. Nf3 e6 3. e3 b6 4. Bd3 Bb7 5. c3 d6 6. Nbd2 Nbd7 7. O-O Be7 8.
Re1 O-O 9. e4 e5 10. Qe2 Re8 11. b3 a5 12. d5 a4 13. Bb2 c6 14. c4 Nc5 15.
b4 a3 16. Bxa3 Rxa3 17. bxc5 bxc5 18. Reb1 Qc7 19. Rb3 Rea8 20. Rab1 Rxb3
21. Nxb3 h6 22. Qb2 Ba6 23. Nbd2 cxd5 24. exd5 Nxd5 25. cxd5 Bxd3 26. Rc1 e4
27. Ne1 Bf6 28. Qb3 Qa5 29. Nxd3 Qxd2 30. Rd1 Qxa2 31. Qxa2 Rxa2 32. Nf4 Be5
33. Nh3 c4 34. f4 exf3 35. gxf3 c3 36. f4 c2 37. Rc1 Bd4+ 38. Kf1 Be3
{White resigns}
0-1

[Event "ICCopen2017"]
[Site "Internet Chess Club"]
[Date "2017.03.25"]
[Round "6"]
[White "A4-H5"]
[Black "Xadrez47"]
[Result "1-0"]
[ICCResult "Black checkmated"]
[WhiteElo "1804"]
[BlackElo "1486"]
[Opening "KGA: Cunningham, three pawns gambit"]
[ECO "C35"]
[NIC "KG.02"]
[Time "15:06:58"]
[TimeControl "180+0"]

1. f4 e5 2. e4 exf4 3. Nf3 Be7 4. Bc4 Bh4+ 5. g3 fxg3 6. O-O gxh2+ 7. Kh1
Nh6 8. d3 d5 9. Bxd5 c6 10. Bb3 Be6 11. Bxe6 fxe6 12. Ne5 Bg5 13. Qh5+ g6
14. Nxg6 hxg6 15. Qxg6+ Kd7 16. Bxg5 Qb6 17. Qg7+ Kd6 18. Qe7+ Ke5 19. Bf6#
{Black checkmated}
1-0

[Event "ICCopen2017"]
[Site "Internet Chess Club"]
[Date "2017.03.25"]
[Round "6"]
[White "Irenaeus"]
[Black "jps7"]
[Result "0-1"]
[ICCResult "White forfeits on time"]
[WhiteElo "1690"]
[BlackElo "1510"]
[Opening "French: advance variation"]
[ECO "C02"]
[NIC "FR.03"]
[Time "15:05:31"]
[TimeControl "180+0"]

1. e4 e6 2. d4 d5 3. e5 c5 4. c3 Nc6 5. Be3 Qb6 6. Qd2 cxd4 7. cxd4 Bb4 8.
Nc3 Qa5 9. Nf3 Nge7 10. Bd3 O-O 11. O-O Bd7 12. a3 Bxc3 13. bxc3 Ng6 14. h4
h6 15. h5 Nge7 16. g4 Qd8 17. g5 Nf5 18. Bxf5 exf5 19. gxh6 Kh7 20. Ng5+ Kh8
21. hxg7+ Kxg7 22. Kh2 Rh8 23. Nh3 Rxh5 24. Rg1+ Kf8 25. Bh6+ Ke7
{White forfeits on time}
0-1

[Event "ICCopen2017"]
[Site "Internet Chess Club"]
[Date "2017.03.25"]
[Round "6"]
[White "Otje"]
[Black "Gruble"]
[Result "0-1"]
[ICCResult "White resigns"]
[WhiteElo "1336"]
[BlackElo "1720"]
[Opening "Pirc defense"]
[ECO "B07"]
[NIC "PU.08"]
[Time "15:05:43"]
[TimeControl "180+0"]

1. e4 d6 2. d4 Nf6 3. Nc3 e5 4. dxe5 dxe5 5. Qxd8+ Kxd8 6. Nf3 Bd6 7. Bg5
Be6 8. O-O-O Nd7 9. Nd5 Kc8 10. c4 Nxe4 11. Ne7+ Bxe7 12. Bxe7 Nxf2 13. Be2
Nxh1 14. Rxh1 Re8 15. Ba3 f5 16. Ng5 Bg8 17. Rf1 h6 18. Nf3 g5 19. Nd2 f4
20. g3 b6 21. gxf4 exf4 22. Bf3 Rb8 23. Ne4 Bxc4 24. Rd1 Ne5 25. Bh5 Rd8 26.
Rxd8+ Kxd8 27. b3 Bd3 28. Kd2 Bxe4 29. Bb2 Nf3+ 30. Ke2 Nxh2 31. Bf6+ Kd7
32. Bf7 Rf8 33. Be6+ Kxe6 34. Bd4 Rd8 35. Bg7 h5 36. Bh6 Rg8 37. a4 Ng4 38.
Bxg5 Rxg5 39. b4 a6 40. b5 axb5 41. axb5 Rxb5 42. Kd2 c5 43. Kc3 Kd5
{White resigns}
0-1

[Event "ICCopen2017"]
[Site "Internet Chess Club"]
[Date "2017.03.25"]
[Round "6"]
[White "M-Ezat"]
[Black "MAU"]
[Result "1-0"]
[ICCResult "Black checkmated"]
[WhiteElo "2213"]
[BlackElo "1762"]
[Opening "QGD Slav defense"]
[ECO "D10"]
[NIC "SL.01"]
[Time "15:06:15"]
[TimeControl "180+0"]

1. d4 d5 2. c4 c6 3. Nc3 Nf6 4. cxd5 cxd5 5. Bf4 Nc6 6. e3 Bg4 7. f3 Bh5 8.
Qb3 Qb6 9. Qxb6 axb6 10. Nb5 Kd7 11. g4 Bg6 12. h4 h5 13. g5 Ne8 14. Ne2 e6
15. Nec3 Bb4 16. a3 Bxc3+ 17. Nxc3 Nd6 18. Bh3 Ra5 19. Kf2 Ne7 20. Rhc1 Bf5
21. b4 Ra6 22. Bxd6 Kxd6 23. Nb5+ Kd7 24. Rc7+ Kd8 25. Bxf5 Nxf5 26. Rxf7
Nxh4 27. Rxb7 Ra8 28. Rc1 Rf8 29. Rcc7 Rxf3+ 30. Ke2 Rh3 31. Nd6 Rh2+ 32.
Kf1 Rxa3 33. Rc8# {Black checkmated} 1-0

[Event "ICCopen2017"]
[Site "Internet Chess Club"]
[Date "2017.03.25"]
[Round "6"]
[White "Tui"]
[Black "checkmatiste"]
[Result "1-0"]
[ICCResult "Black resigns"]
[WhiteElo "1837"]
[BlackElo "1581"]
[Opening "Caro-Kann: anti-anti-Caro-Kann defense"]
[ECO "A11"]
[NIC "EO.64"]
[Time "15:05:41"]
[TimeControl "180+0"]

1. c4 c6 2. e4 d5 3. cxd5 cxd5 4. exd5 Qxd5 5. Nc3 Qa5 6. d4 e6 7. Nf3 Bb4
8. Bd2 Nf6 9. Bc4 O-O 10. O-O Bd7 11. a3 Bxc3 12. Bxc3 Qh5 13. Ne5 Nc6 14.
Qxh5 Nxh5 15. Nxd7 Rfd8 16. Ne5 f6 17. Nxc6 bxc6 18. Bxe6+ Kh8 19. Rad1 Nf4
20. Bc4 Rab8 21. g3 Nd5 22. Bxd5 cxd5 23. Rfe1 Rd7 24. Re6 Kg8 25. Rde1 Kf7
26. Bb4 Rbb7 27. Kg2 a5 28. Bc3 a4 29. Ra6 Ra7 30. Rxa7 Rxa7 31. Bb4 Rc7 32.
Bc5 Rb7 33. Re2 Rb3 34. Bb4 Rd3 35. Bc3 Rd1 36. Rd2 Re1 37. Kf3 Re7 38. Re2
Rd7 39. h4 g6 40. g4 Rb7 41. Kf4 Rc7 42. g5 Rb7 43. gxf6 Kxf6 44. Re5 Rd7
45. Bb4 h6 46. Ke3 Rd8 47. f4 Rd7 48. Kf3 g5 49. fxg5+ hxg5 50. h5 Rh7 51.
Kg4 Rd7 52. Rxg5 Rc7 53. Rg6+ Kf7 54. Bc3 Re7 55. Rg5 Re2 56. Rxd5 Rg2+ 57.
Kh3 Rg1 58. Rd7+ Kf6 59. d5+ Kf5 60. Rf7+ Ke4 61. d6 Rd1 62. d7 Ke3 63. Bf6
Kf3 64. Kh4 Kf4 65. Bg5+ Ke5 66. d8=Q Rh1+ 67. Kg3 Rg1+ 68. Kf2 Rxg5 69.
Qxg5+ {Black resigns} 1-0

[Event "ICCopen2017"]
[Site "Internet Chess Club"]
[Date "2017.03.25"]
[Round "6"]
[White "JUGGERNOT"]
[Black "Heian"]
[Result "1-0"]
[ICCResult "Black resigns"]
[WhiteElo "1828"]
[BlackElo "1495"]
[Opening "Bird's opening"]
[ECO "A02"]
[NIC "VO.07"]
[Time "15:06:18"]
[TimeControl "180+0"]

1. f4 e6 2. Nf3 d5 3. e3 f5 4. Be2 Nf6 5. O-O Bd6 6. d3 O-O 7. Nc3 b6 8. h3
Bb7 9. Qe1 Nbd7 10. Qh4 Be7 11. Qf2 Bc5 12. d4 Bb4 13. Bd2 Be7 14. Ng5 Ne4
15. Ncxe4 dxe4 16. Nxe6 Qe8 17. Nxf8 Qxf8 18. a3 Rd8 19. Qe1 c5 20. dxc5
Nxc5 21. Bb4 Ne6 22. Bxe7 Qxe7 23. Bc4 Kh8 24. Rd1 Nc5 25. Rxd8+ Qxd8 26.
Qc3 Qe7 27. b4 Nd7 28. Rd1 Nf6 29. Qd4 h6 30. Qd8+ Qxd8 31. Rxd8+ Kh7 32.
Rf8 Kg6 33. Rf7 Nd5 34. Rxb7 Nxe3 35. Bf7+ Kf6 36. c4 Nc2 37. Bh5 g6 38. Be2
Nd4 39. Kf2 Nxe2 40. Kxe2 g5 41. fxg5+ hxg5 42. Rxa7 Ke5 43. Ra6 f4 44. Rxb6
Kd4 45. c5 f3+ 46. gxf3 {Black resigns} 1-0

[Event "ICCopen2017"]
[Site "Internet Chess Club"]
[Date "2017.03.25"]
[Round "6"]
[White "BronStorm"]
[Black "trucker"]
[Result "1-0"]
[ICCResult "Black forfeits on time"]
[WhiteElo "1849"]
[BlackElo "1511"]
[Opening "Scotch: Pulling counter-attack"]
[ECO "C45"]
[NIC "SO.04"]
[Time "15:05:42"]
[TimeControl "180+0"]

1. e4 e5 2. Nf3 Nc6 3. d4 exd4 4. Nxd4 Qh4 5. Be3 Bc5 6. Nf3 Qxe4 7. Nc3 Bb4
8. Bd3 Qg4 9. O-O Nf6 10. Bg5 d6 11. Re1+ Be6 12. h3 Qh5 13. Bf4 O-O-O 14.
Ng5 h6 15. Nxe6 fxe6 16. Rxe6 Rhf8 17. Bd2 Qxd1+ 18. Rxd1 Nd4 19. Re7 Rd7
20. Rxd7 Kxd7 21. a3 Ba5 22. Ne4 Bxd2 23. Nxf6+ Rxf6 24. Rxd2 c5 25. c3 Nc6
26. Be4 Nd8 27. f3 Kc7 28. Bd5 {Black forfeits on time} 1-0

[Event "ICCopen2017"]
[Site "Internet Chess Club"]
[Date "2017.03.25"]
[Round "6"]
[White "alekhsay"]
[Black "onti"]
[Result "0-1"]
[ICCResult "White checkmated"]
[WhiteElo "943"]
[BlackElo "1289"]
[Opening "Vienna: Fyfe gambit"]
[ECO "C25"]
[NIC "VG.04"]
[Time "15:05:58"]
[TimeControl "180+0"]

1. e4 e5 2. Nc3 Nc6 3. d4 exd4 4. Nb5 Bc5 5. Nf3 a6 6. Nbxd4 Nf6 7. Nxc6
bxc6 8. e5 Nd5 9. Bg5 f6 10. exf6 gxf6 11. Qe2+ Kf7 12. Bh4 Re8 13. Qxe8+
Qxe8+ 14. Be2 Nf4 15. O-O Nxe2+ 16. Kh1 Qg8 17. g3 Nd4 18. Nxd4 Bxd4 19. c3
Be5 20. f4 Bd6 21. Rae1 Bb7 22. b4 Kg7 23. Kg2 Qd5+ 24. Kh3 Qf5+ 25. g4 Qd3+
26. Rf3 Qxf3+ 27. Bg3 Bxf4 28. Re7+ Kf8 29. Rxh7 c5 30. Kh4 Bg5+ 31. Kh3
Qg2# {White checkmated} 0-1

[Event "ICCopen2017"]
[Site "Internet Chess Club"]
[Date "2017.03.25"]
[Round "6"]
[White "wagnerbi"]
[Black "oli2"]
[Result "1-0"]
[ICCResult "Black resigns"]
[WhiteElo "2002"]
[BlackElo "1650"]
[Opening "Sicilian: closed"]
[ECO "B24"]
[NIC "SI.44"]
[Time "15:06:12"]
[TimeControl "180+0"]

1. e4 c5 2. Nc3 Nc6 3. g3 g6 4. Bg2 Bg7 5. Nge2 e6 6. d3 Rb8 7. O-O Nge7 8.
Be3 Nd4 9. h3 O-O 10. g4 b5 11. Ng3 b4 12. Nb1 f5 13. f4 Bb7 14. c3 bxc3 15.
bxc3 Nb5 16. Qd2 d6 17. a4 Qa5 18. Ne2 Nc6 19. Ra2 Nc7 20. Na3 Ba6 21. Nc4
Bxc4 22. dxc4 Rfd8 23. exf5 Ne7 24. fxe6 Nxe6 25. f5 gxf5 26. gxf5 Nf8 27.
f6 Neg6 28. fxg7 Kxg7 29. Bh6+ Kh8 30. Rf7 d5 31. Bxd5 Rxd5 32. Qxd5 Rd8 33.
Bg7+ Kg8 34. Rd7+ {Black resigns} 1-0

[Event "ICCopen2017"]
[Site "Internet Chess Club"]
[Date "2017.03.25"]
[Round "6"]
[White "schastlivchik"]
[Black "playwaycool"]
[Result "0-1"]
[ICCResult "White forfeits on time"]
[WhiteElo "1801"]
[BlackElo "2238"]
[Opening "QGD semi-Slav: 5.Bg5 dc"]
[ECO "D44"]
[NIC "SL.06"]
[Time "15:05:41"]
[TimeControl "180+0"]

1. c4 e6 2. Nc3 d5 3. d4 c6 4. Nf3 Nf6 5. Bg5 dxc4 6. a4 Bb4 7. e4 b5 8. e5
h6 9. exf6 hxg5 10. fxg7 Rg8 11. g3 Rxg7 12. Bg2 Bb7 13. O-O a6 14. Ne5 Qc7
15. Qh5 Nd7 16. Ne4 Nxe5 17. dxe5 O-O-O 18. axb5 cxb5 19. f4 gxf4 20. Rxf4
Bc5+ 21. Kh1 Kb8 22. Raf1 b4 23. Nxc5 Bxg2+ 24. Kxg2 Rd2+ 25. R1f2 Rxf2+ 26.
Rxf2 Qxc5 27. Rxf7 Qd5+ 28. Kh3 Rxf7 29. Qxf7 c3 30. bxc3 bxc3 31. Qf8+ Kc7
32. Qe7+ Kc6 33. Qb4 Qc5 34. Qe4+ Kb6 35. Qc2 Qd4 36. Qb3+ Kc5 37. Qa3+ Kb5
38. Qb3+ Qb4 39. Qxe6 c2 40. Qd5+ Qc5 41. Qd3+ Kb6 {White forfeits on time}
0-1